AoeStats
← Gim

Black Forest

506838750Analyzed
4v4 RM · 16d ago on Sep 15, 2026· 46m 55s· 8 players
Game mode
Random Map
Map size
Large (8 player)
Population
200
Speed
Normal
Resources
Standard
Victory
Conquest
Starting age
Dark Age
Ending age
Imperial Age
RankedLock teamsTeams togetherTeam positionsShared explorationLock speedFull tech treeHidden civsTurbo modeCheats
Victory
Defeat
🇩🇪 Hindustanis · Germany
1326
+16
🇨🇳 Bohemians · China
1324
+16
🇦🇷 Georgians · Argentina
1317
+16
🇨🇳 Franks · China
1316
+17
🇨🇳 Ethiopians · China
1359
-18
🇭🇰 Bohemians · Hong Kong SAR China
1357
-17
🇯🇵 Koreans · Japan
1306
-15
🇨🇳 Bohemians · China
1292
-15
NEO
1:21 Loom
13:05 Feudal Age
17:51 Castle Age
16:23 Horse Collar
16:30 Double-Bit Axe
19:26 Wheelbarrow
20:25 Bow Saw
20:32 Gold Mining
26:14 Imperial Age
27:56 Chemistry
27:19 Block Printing
40:10 Shatagni
M-A
0:26 Loom
12:00 Feudal Age
16:12 Castle Age
14:58 Double-Bit Axe
15:00 Horse Collar
17:40 Bow Saw
18:09 Heavy Plow
25:58 Stone Mining
27:29 Wheelbarrow
26:43 Treadmill Crane
27:57 Stone Shaft Mining
29:06 Hand Cart
31:58 Imperial Age
30:04 Gold Mining
31:08 Scale Barding Armor
32:09 Chain Barding Armor
32:33 Forging
32:37 Bloodlines
32:27 Husbandry
32:46 Guard Tower
32:44 Arrowslits
33:20 Ballistics
34:01 Chemistry
33:20 Svan Towers
34:27 Plate Barding Armor
33:44 Elite Monaspa
35:52 Iron Casting
35:44 Conscription
35:54 Aznauri Cavalry
37:34 Fletching
38:27 Keep
38:17 Bodkin Arrow
38:58 Bracer
40:00 Blast Furnace
39:17 Masonry
41:14 Architecture
44:27 Hoardings
45:53 Sappers
mipolin
10:09 Feudal Age
14:09 Castle Age
12:38 Double-Bit Axe
15:26 Bow Saw
20:24 Wheelbarrow
24:06 Stone Mining
26:13 Gold Mining
29:57 Imperial Age
27:47 Hand Cart
27:25 Loom
27:27 Town Watch
28:12 Husbandry
28:28 Scale Barding Armor
28:34 Forging
30:58 Chain Barding Armor
31:14 Iron Casting
30:35 Cavalier
32:06 Paladin
34:03 Plate Barding Armor
34:29 Blast Furnace
39:00 Chemistry
38:20 Ballistics
39:18 Padded Archer Armor
40:37 Light Cavalry
41:53 Light Cavalry
2265138721
10:44 Feudal Age
11:46 Double-Bit Axe
14:20 Castle Age
12:48 Double-Bit Axe
19:58 Loom
21:28 Wheelbarrow
20:59 Fletching
42:26 Horse Collar
46:50 Imperial Age
44:54 Heavy Plow
44:55 Pikeman
45:36 Squires
kojimo
0:32 Loom
17:34 Feudal Age
18:40 Town Watch
18:50 Double-Bit Axe
22:02 Castle Age
21:00 Horse Collar
21:46 Fletching
29:26 Devotion
33:06 Fortified Wall
39:39 Bodkin Arrow
Archer_4794
11:45 Feudal Age
13:17 Double-Bit Axe
15:42 Castle Age
15:56 Horse Collar
16:34 Bow Saw
21:39 Heavy Plow
21:49 Loom
22:57 Wheelbarrow
25:17 Hand Cart
28:18 Imperial Age
26:01 Scale Mail Armor
26:06 Town Watch
27:28 Chemistry
26:09 Pikeman
26:51 Squires
27:35 Chain Mail Armor
28:40 Forging
28:23 Houfnice
29:56 Halberdier
31:04 Siege Engineers
32:15 Plate Mail Armor
33:06 Fortified Wall
34:05 Iron Casting
37:49 Blast Furnace
36:40 Fletching
37:57 Arson
42:17 Masonry
45:20 Two-Man Saw
Dd
2:02 Loom
11:35 Feudal Age
16:07 Castle Age
14:09 Double-Bit Axe
17:30 Horse Collar
20:21 Scale Mail Armor
20:32 Forging
33:31 Imperial Age
34:00 Wheelbarrow
33:41 Heavy Camel Rider
35:06 Conscription
35:49 Scale Barding Armor
36:20 Iron Casting
35:50 Royal Heirs
42:18 Husbandry
43:25 Heavy Plow
43:38 Bow Saw
44:03 Elite Shotel Warrior
44:58 Crossbowman
46:51 Gold Mining
46:52 Stone Mining
Gim
Connection lost

Rejoining the realm…

Still unreachable

The connection could not be restored.

Session expired

The server has moved on; the page needs a fresh start.